 Dungeon Crawl Stone Soup version 0.25.0-15-gac7dcb8919 (webtiles) character file.

Game seed: 761516276965933122

637 DocSulfur the Chopper (level 7, 52/52 HPs)
             Began as a Demonspawn Berserker on June 28, 2020.
             Was a Priest of Trog.
             Got out of the dungeon alive.
             The game lasted 00:13:45 (5716 turns).

DocSulfur the Chopper (Demonspawn Berserker)        Turns: 5716, Time: 00:13:45

Health: 52/52      AC: 14    Str: 20    XL:     7   Next: 25%
Magic:  7/7        EV:  7    Int:  8    God:    Trog [***...]
Gold:   249        SH:  0    Dex: 12    Spells: 6/6 levels left

rFire    . . .     SeeInvis .   a - +0 hand axe
rCold    + . .     Gourm    .   (no shield)
rNeg     . . .     Faith    .   g - +0 plate armour
rPois    .         Spirit   +   (no helmet)
rElec    .         Reflect  .   (no cloak)
rCorr    .         Harm     .   (no gloves)
MR       .....                  (no boots)
Stlth    ..........             (no amulet)
HPRegen  0.17/turn              b - ring of protection from cold
MPRegen  0.20/turn              (no ring)

@: no status effects
A: claws 1, slimy green scales 1, foul stench 1, magic shield, magic
regeneration, rot immunity
a: Berserk, Trog's Hand, Renounce Religion


You escaped.
You worshipped Trog.
Trog was most pleased with you.
You were hungry.

You visited 1 branch of the dungeon, and saw 4 of its levels.
You also visited: Sewer.

You collected 249 gold pieces.

Inventory:

Hand Weapons
 a - a +0 hand axe (weapon)
Armour
 g - a +0 plate armour (worn)
 h - a +0 leather armour
Jewellery
 b - a ring of protection from cold (left claw)
 s - a +6 ring of strength {unknown}
 u - an uncursed amulet of guardian spirit {unknown}
Scrolls
 i - 3 scrolls of immolation {unknown}
 j - 5 scrolls of teleportation {unknown}
 l - 2 scrolls of identify
 m - 2 scrolls of enchant weapon
 o - 2 scrolls of enchant armour {unknown}
 p - a scroll of remove curse {unknown}
Potions
 d - 8 potions of curing {unknown}
 e - 4 potions of flight {unknown}
 f - a potion of heal wounds {unknown}
 n - a potion of stabbing {unknown}
 q - a potion of cancellation
 r - a potion of degeneration {unknown}
 t - 2 potions of might {unknown}
Comestibles
 c - 10 rations


   Skills:
 - Level 3.4 Fighting
 * Level 5.8 Axes
 * Level 4.9 Armour
 - Level 2.0 Dodging


You had 6 spell levels left.
You didn't know any spells.
Your spell library was empty.

Dungeon Overview and Level Annotations

Branches:
Dungeon (4/15)              Sewer (visited)
 Temple: D:4-7

Altars:
Makhleb
Nemelex Xobeh
Qazlal
Ru
Uskayaw
Wu Jian


Innate Abilities, Weirdness & Mutations

You have sharp fingernails.
You are partially covered in slimy green scales. (AC +2)
You may emit foul miasma when damaged in melee.
When hurt, damage is shared between your health and your magic reserves.
You regenerate magic rapidly.
You are immune to rotting.


Message History

You climb upwards.
There is a stone staircase leading down here.
There is a stone staircase leading up here.
You climb upwards.
There is a stone staircase leading down here.
You see here 18 bolts.
HP restored.
You see here a +0 dagger.
You are feeling hungry.
There is a staircase leading out of the dungeon here.
Unknown command.
You are now empty-clawed.
Unknown command.
No missiles available.
Use F to throw any item.
You can't go down here!
Unknown command.
a - a +0 hand axe (weapon)
Unknown command.
Are you sure you want to leave the Dungeon?
This will make you lose the game!
You have escaped!

...................#
..###.#.##########.## #...#...#
#..# #...#...# ##.###### ####
#.###...###### #......# #...
.......).#...#######.....# ##...
...............)...#.##..# #....
#####......##.####.#.##..# #.#.#
###.#..##.#.@#.#.##..# #.#.#
#.##.##.#..#.#.##.## #...#
#.##.##.#.##.#.##.# #.#.#
##'##.##.#....#.##.# #..##
##...#.##.######.##.# #..#
##...................# #..##
##.........########...# #....
###.........####........######...
..+.........+....................


There were no monsters in sight!

Vanquished Creatures
  Menkaure (D:4)
  A big kobold (Sewer)
  A scorpion (D:4)
  A crimson imp (D:4)
  A hound (D:3)
  An orc priest (D:4)
  A centaur skeleton (D:4)
  Terence (D:3)
  2 hound skeletons (D:4)
  5 adders (D:2)
  2 river rats (D:3)
  An ooze (D:1)
  4 worms
  4 dart slugs
  9 leopard geckos
  5 orcs
  11 bats
  5 giant cockroaches
  10 goblins
  8 hobgoblins
  10 jackals
  2 quokkas
  4 ball pythons
  8 frilled lizards
  12 kobolds
  14 rats
124 creatures vanquished.

Notes
Turn   | Place    | Note
-------+----------+-------------------------------------------
     0 | D:1      | DocSulfur the Demonspawn Berserker began the quest for the
                  | Orb.
     0 | D:1      | Reached XP level 1. HP: 18/18 MP: 1/1
    77 | D:1      | Gained mutation: You are partially covered in slimy green
                  | scales. (AC +2) [demonic ancestry]
    77 | D:1      | Reached XP level 2. HP: 7/24 MP: 2/2
   502 | D:1      | Reached skill level 3 in Axes
   992 | D:1      | Gained mutation: You are immune to rotting. [demonic
                  | ancestry]
   992 | D:1      | Reached XP level 3. HP: 29/29 MP: 3/3
  1578 | D:1      | Reached ** piety under Trog
  2103 | D:2      | Gained mutation: When hurt, damage is shared between your
                  | health and your magic reserves. [demonic ancestry]
  2103 | D:2      | Reached XP level 4. HP: 28/35 MP: 4/4
  2722 | D:2      | Reached skill level 4 in Axes
  2986 | D:2      | Found a burning altar of Makhleb.
  3071 | D:2      | Found an ornate altar of the Wu Jian Council.
  3078 | D:2      | Found a sacrificial altar of Ru.
  3078 | D:2      | Found a stormy altar of Qazlal.
  3078 | D:2      | Found a hide-covered altar of Uskayaw.
  3087 | D:2      | Found a sparkling altar of Nemelex Xobeh.
  3224 | D:2      | Gained mutation: You have sharp fingernails. [demonic
                  | ancestry]
  3224 | D:2      | Reached XP level 5. HP: 41/41 MP: 5/5
  3479 | D:3      | Found a glowing drain.
  3499 | D:3      | Reached *** piety under Trog
  3529 | Sewer    | Entered a sewer
  3960 | Sewer    | Found a white marble altar of Elyvilon.
  4123 | D:3      | Noticed Terence
  4137 | D:3      | Killed Terence
  4137 | D:3      | Gained mutation: You regenerate magic rapidly. [demonic
                  | ancestry]
  4137 | D:3      | Reached XP level 6. HP: 47/47 MP: 6/6
  4693 | D:3      | Reached skill level 5 in Axes
  5524 | D:4      | Noticed Menkaure
  5531 | D:4      | Killed Menkaure
  5531 | D:4      | Gained mutation: You may emit foul miasma when damaged in
                  | melee. [demonic ancestry]
  5531 | D:4      | Reached XP level 7. HP: 38/52 MP: 3/7
  5716 | D:$      | Got out of the dungeon alive.

Illustrated notes

Levels and vault maps discovered:
D:1:      zelgadis_glass_arrival_small, layout_loops_corners, minmay_octomino_c4
D:2:      layout_loops_ring, overflow_temple_1_default, minitemple, first_ration
D:3:      layout_loops_ring, portal_sewer_entry_b, supply_closet_lemuel,
          uniq_terence
D:4:      layout_loops_ring, vehumet_crystals, uniq_menkaure

Skill      XL: |  1  2  3  4  5  6 |
---------------+-------------------+-----
Axes           | 3 4 5 |  5.8
Dodging        | 2 |  2.0
Armour         | 2 3 4 |  4.9
Fighting       | |  3.4

Action                   |  1- 3 |  4- 6 |  7- 9 || total
-------------------------+-------+-------+-------++-------
Melee: Hand axe          |   155 |   361 |       ||   516
Invok: Berserk           |     2 |     1 |       ||     3
  Use: Scroll            |       |     5 |       ||     5
  Eat: Chunk             |     6 |     9 |       ||    15
       Ration            |       |     1 |       ||     1
Armor: Animal skin       |    11 |       |       ||    11
       Leather armour    |    20 |       |       ||    20
       Plate armour      |    31 |   251 |       ||   282
Dodge: Dodged            |    93 |   106 |       ||   199
